 Dungeon Sprint DCSS version 0.29-a0-993-g4a18f31a58 (webtiles) character file.

Game seed: 8334185130907129407

2902 Hubris850 the Black Belt (level 9, -4/75 HPs)
             Began as a Merfolk Transmuter on Aug 2, 2022.
             Was the Champion of Makhleb.
             Slain by an orc warrior
             ... wielding a +0 war axe
             ... led by an orc knight
              (20 damage)
             ... in the Dungeon (Sprint VII: "The Pits").
             The game lasted 00:08:48 (1034 turns).

Hubris850 the Black Belt (Merfolk Transmuter)       Turns: 1034, Time: 00:08:49

Health: -4/75      AC:  9    Str: 10    XL:     9   Next: 78%
Magic:  21/21      EV: 17    Int: 17    God:    Makhleb [******]
Gold:   0          SH:  0    Dex: 14    Spells: 17/24 levels left

rFire   x . .      SeeInvis .     - Unarmed
rCold   + + +      Faith    .   (shield currently unavailable)
rNeg    . . .      Spirit   .   (body armour currently unavailable)
rPois   +          Reflect  .   (helmet currently unavailable)
rElec   .          Harm     .   (cloak currently unavailable)
rCorr   .          Rampage  .   (gloves currently unavailable)
Will    .....      NoTele   +   (boots currently unavailable)
Stlth   +.........              (no amulet)
HPRegen 0.22/turn               e - +3 ring of evasion
MPRegen 0.17/turn               g - +3 ring of evasion

@: ice-form
A: freezing attack, boosted hp, large, (nimble swimmer 2), (mertail)
a: End Transformation, Renounce Religion, Minor Destruction, Lesser Servant of
Makhleb, Major Destruction, Greater Servant of Makhleb


You were in the Dungeon.
You worshipped Makhleb.
Makhleb was exalted by your worship.
You were a creature of crystalline ice.
You visited 1 branch

Inventory:

Hand Weapons
 m - a +2 long sword
Armour
 a - a +0 robe
 d - a +3 ring mail
 p - a +0 helmet (melded)
 q - a +0 cloak (melded)
 r - a +4 scale mail (melded)
Jewellery
 e - a +3 ring of evasion (left front paw)
 g - a +3 ring of evasion (right front paw)
Scrolls
 h - a scroll of blinking
 j - 5 scrolls of amnesia
 k - a scroll of summoning
Potions
 b - a potion of lignification
 c - 6 potions of curing
 f - 4 potions of magic
 i - a potion of invisibility
 l - 8 potions of heal wounds
 n - 2 potions of berserk rage
 o - a potion of brilliance


   Skills:
 - Level 3.0 Fighting
 - Level 4.0 Dodging
 + Level 15.5 Unarmed Combat
 - Level 8.1 Spellcasting
 - Level 11.2 Transmutations
 - Level 9.2 Ice Magic
 + Level 9.1 Invocations


You had 17 spell levels left.
You knew the following spells:

 Your Spells              Type           Power      Damage    Failure   Level
a - Beastly Appendage     Tmut           90%        N/A       1%          1
b - Wereblood             Tmut           45%        N/A       1%          2
c - Ice Form              Ice/Tmut       41%        N/A       1%          4

Your spell library contained the following spells:

 Spells                   Type           Power      Damage    Failure   Level
 Spider Form              Tmut/Pois      26%        N/A       3%          3


Dungeon Overview and Level Annotations

Branches:
Dungeon (1/1)

Altars:
Ashenzari
Cheibriados
Dithmenos
Elyvilon
Fedhas
Gozag
Hepliaklqana
Kikubaaqudgha
Makhleb
Nemelex Xobeh
Okawaru
Qazlal
Ru
Sif Muna
Trog
Uskayaw
Vehumet
Wu Jian
Xom
Yredelemnul
Zin
The Shining One
Jiyva
Lugonu


Innate Abilities, Weirdness & Mutations

You are a creature of crystalline ice.
You have a powerful freezing melee attack.
Your maximum health is increased.
Your armour is entirely melded.
You are incapable of wielding weapons or throwing items.
((You are very nimble when in or above water. (Stealth+, EV+, Speed+++)))
((Your lower body shifts to a powerful aquatic tail in water.))


Message History

Your green death disappears in a puff of smoke!
The killer bee is engulfed in a cloud of scalding steam.
The killer bee closely misses you.
Your hellwing swoops through the air toward the orc warrior!
Your hellwing barely misses the orc warrior. x2
Your ynoxinul gestures at the orc.
The iron shot misses the orc warrior.
The iron shot misses the orc.
Your ufetubus hits the killer bee. x2; Your ufetubus hits the orc.
Your ufetubus barely misses the orc.
Your ufetubus hits the orc warrior but does no damage.
Your ufetubus misses the orc warrior.
You feel better. The killer bee stings you.
* * * LOW HITPOINT WARNING * * *
Your ufetubus hits the killer bee. Your ufetubus misses the killer bee.
Your ufetubus hits the orc warrior but does no damage. x2
Your ufetubus barely misses the orc.
Your ufetubus hits the orc.
The orc dies!
Makhleb accepts your kill.
The orc warrior hits your ynoxinul with a +0 mace!!
Your ynoxinul dies!
Your ynoxinul disappears in a puff of smoke!
Your ufetubus disappears in a puff of smoke! x3
The orc knight roars a battlecry!
The orc knight goes into a battle-frenzy!
The orc sorcerer gestures wildly while chanting.
The killer bee barely misses you.
Your smoke demon gestures at the orc warrior.
The sticky flame hits the orc warrior!
The orc warrior dies!
Makhleb accepts your kill.
Your hellwing misses the warg.
Your hellwing barely misses the warg.
Your Invocations skill increases to level 9!
Unknown command.
You pummel the killer bee!! You freeze the killer bee.
You kill the killer bee!
Makhleb accepts your kill.
The orc sorcerer no longer looks unusually strong.
The orc sorcerer gestures wildly while chanting.
The orc warrior hits you with a +0 war axe!!
You die...

...'.##................#
...#.#####'#####''######
####.##.......##''#####
..†#.##.......##......#
...†.##.......##......#
#######...<...###....##
[))).##.......# ##''## #
.))).##.......###.§..## ..
#######.......##Yoh4.o#...
..#.. ##########§.3...s...
..#)############.3)3..#..
..#.#....#..[.###ooW.##
.##'#)...#....# ##†o##
..#.)))..'..))# .§..#
..#'#))..#..))# .§)...#
..')#....#..))##§§....#
#######################


You could see 2 orc knights, a phantasmal warrior (distracted), a neqoxec
(summoned), a ynoxinul (summoned), a warg (ally target), an orc sorcerer (ally
target), an orc warrior (strong), a redback, an orc (strong), a friendly
hellwing (summoned) and a friendly smoke demon (summoned).

Vanquished Creatures
  A bog body (D)
  An orc sorcerer (D)
  An orc knight (D)
  An orange demon (D)
  A warg (D)
  A floating eye (D)
  An orc warrior (D)
  A centaur (D)
  A kobold brigand (D)
  2 scorpions (D)
  4 wights (D)
  2 killer bees (D)
  A quasit (D)
  A gnoll bouda (D)
  2 orc priests (D)
  An iguana (D)
  An orc wizard (D)
  A river rat (D)
  An ufetubus (D)
  3 orcs (D)
  A ball python (D)
  A goblin (D)
  3 hobgoblins (D)
  A quokka (D)
  A frilled lizard (D)
  2 rats (D)
37 creatures vanquished.

Vanquished Creatures (collateral kills)
  2 orc warriors (D)
  A wolf (D)
  2 killer bees (D)
  3 orcs (D)
  A ball python (D)
9 creatures vanquished.

Vanquished Creatures (others)
  A killer bee (D)
1 creature vanquished.

Grand Total: 47 creatures vanquished

Notes
Turn   | Place    | Note
-------+----------+-------------------------------------------
     0 | D        | Hubris850 the Merfolk Transmuter began the quest for the
                  | Orb.
     0 | D        | Reached XP level 1. HP: 15/15 MP: 3/3
    13 | D        | Reached skill level 1 in Ice Magic
    36 | D        | Found a glowing golden altar of the Shining One.
    36 | D        | Found a glowing silver altar of Zin.
    36 | D        | Found a basalt altar of Yredelemnul.
    36 | D        | Found a shimmering altar of Xom.
    36 | D        | Found an ornate altar of the Wu Jian Council.
    36 | D        | Found a bloodstained altar of Trog.
    36 | D        | Found a shimmering blue altar of Sif Muna.
    36 | D        | Found a sacrificial altar of Ru.
    36 | D        | Found a stormy altar of Qazlal.
    36 | D        | Found an iron altar of Okawaru.
    36 | D        | Found a sparkling altar of Nemelex Xobeh.
    36 | D        | Found a burning altar of Makhleb.
    36 | D        | Found a viscous altar of Jiyva.
    36 | D        | Found a hazy altar of Hepliaklqana.
    36 | D        | Found an opulent altar of Gozag.
    36 | D        | Found a blossoming altar of Fedhas.
    36 | D        | Found a white marble altar of Elyvilon.
    36 | D        | Found a shadowy altar of Dithmenos.
    36 | D        | Found a snail-covered altar of Cheibriados.
    37 | D        | Found a radiant altar of Vehumet.
    37 | D        | Found a corrupted altar of Lugonu.
    38 | D        | Found a hide-covered altar of Uskayaw.
    38 | D        | Found an ancient bone altar of Kikubaaqudgha.
    38 | D        | Found a broken altar of Ashenzari.
    44 | D        | Became a worshipper of Makhleb the Destroyer
    57 | D        | Noticed a floating eye
    64 | D        | Killed a floating eye
    65 | D        | Reached skill level 5 in Spellcasting
    65 | D        | Reached skill level 5 in Ice Magic
    65 | D        | Reached XP level 2. HP: 21/21 MP: 2/8
    65 | D        | Reached XP level 3. HP: 26/26 MP: 2/9
    65 | D        | Reached XP level 4. HP: 32/32 MP: 2/11
   146 | D        | Learned a level 2 spell: Wereblood
   151 | D        | Learned a level 4 spell: Ice Form
   161 | D        | Reached * piety under Makhleb
   168 | D        | Noticed a kobold brigand
   174 | D        | Killed a kobold brigand
   175 | D        | Reached XP level 5. HP: 37/37 MP: 8/13
   176 | D        | Reached ** piety under Makhleb
   382 | D        | Reached *** piety under Makhleb
   383 | D        | Reached skill level 1 in Invocations
   389 | D        | Reached skill level 4 in Unarmed Combat
   389 | D        | Reached XP level 6. HP: 46/46 MP: 11/15
   398 | D        | Reached **** piety under Makhleb
   401 | D        | Reached skill level 5 in Unarmed Combat
   403 | D        | Reached skill level 10 in Transmutations
   403 | D        | Reached XP level 7. HP: 43/52 MP: 12/17
   598 | D        | Noticed an orange demon
   604 | D        | Killed an orange demon
   605 | D        | Reached skill level 7 in Unarmed Combat
   658 | D        | Reached ***** piety under Makhleb
   661 | D        | Reached skill level 5 in Invocations
   661 | D        | Reached XP level 8. HP: 58/58 MP: 14/20
   666 | D        | Reached skill level 8 in Unarmed Combat
   671 | D        | Noticed an orc knight
   671 | D        | Noticed an orc sorcerer
   680 | D        | Reached skill level 9 in Unarmed Combat
   684 | D        | Killed an orc sorcerer
   685 | D        | Reached skill level 12 in Unarmed Combat
   693 | D        | Killed an orc knight
   694 | D        | Reached skill level 13 in Unarmed Combat
   694 | D        | Reached XP level 9. HP: 63/63 MP: 18/21
   697 | D        | Reached skill level 14 in Unarmed Combat
   697 | D        | Reached ****** piety under Makhleb
  1005 | D        | Noticed a bog body
  1011 | D        | Killed a bog body
  1012 | D        | Reached skill level 15 in Unarmed Combat
  1021 | D        | Noticed an orc knight
  1021 | D        | Noticed an orc sorcerer
  1021 | D        | Noticed a phantasmal warrior
  1026 | D        | Noticed an orc knight
  1034 | D        | Slain by an orc warrior

Illustrated notes

Levels and vault maps discovered:
D:        pitsprint [storerooms_1, entrance_room_1, metal_vault_2, armoury_1,
          mini_pit_1, grid_room_1, main_hall_1, silver_pit, the_coven_1,
          the_vestibule_1, steel_vault_5, golden_pit, hallway_of_sentries,
          crystal_vault_1, iron_vault_2, final_vault]

Skill      XL: |  1  2  3  4  5  6  7  8  9 |
---------------+----------------------------+-----
Transmutations | 7 8 9 10 11 | 11.2
Ice Magic      | 5 6 7 8 9 |  9.2
Spellcasting   | 5 6 7 8 |  8.1
Dodging        | 3 4 |  4.0
Invocations    | 2 4 5 6 9 |  9.1
Fighting       | 2 3 |  3.0
Unarmed Combat | 4 5 7 13 15 | 15.5

Action                   |  1- 3 |  4- 6 |  7- 9 || total
-------------------------+-------+-------+-------++-------
Melee: Unarmed           |     6 |    52 |    47 ||   105
       Headbutt          |     1 |     1 |       ||     2
 Cast: Beastly Appendage |     2 |     1 |       ||     3
       Ice Form          |       |     2 |     3 ||     5
       Wereblood         |       |     2 |     3 ||     5
Invok: Lesser Servant of |       |       |     3 ||     3
       Major Destruction |       |       |     3 ||     3
       Greater Servant o |       |       |     1 ||     1
  Use: Potion            |       |     3 |     9 ||    12
 Stab: Sleeping          |       |       |     1 ||     1
       Invisible         |       |       |     1 ||     1
Armor: Robe              |     1 |     3 |       ||     4
       Skin              |       |    33 |    14 ||    47
Dodge: Dodged            |       |    46 |    35 ||    81

Table legend: (Time is in decaauts)
 A = Elapsed time spent in this place.
 B = Non-inter-level travel time spent in this place.
 C = Inter-level travel time spent in this place.
 D = Time resting spent in this place.
 E = Time spent auto-exploring this place.
 F = Levels seen in this place.
 G = Mean time per level.
                   A        B        C        D        E       F      G
               +--------+--------+--------+--------+--------+-----+--------+
         Total |   1029 |   1029 |      0 |    568 |      0 |   1 | 1029.0 |
       Dungeon |   1029 |   1029 |      0 |    568 |      0 |   1 | 1029.0 |
               +--------+--------+--------+--------+--------+-----+--------+

Top non-repeatable levels by time:
       D: 1029 daAuts
